 Dungeon Crawl Stone Soup version 0.30-a0-782-ge64f9170bb (webtiles) character file.

Game seed: 15925568424234865648

847 Dirtsage the Insei (level 8, -1/54 HPs)
             Began as an Octopode Brigand on Feb 23, 2023.
             Was a Believer of Cheibriados.
             Slain by Pikel
             ... wielding a +2 whip of freezing
              (3 damage)
             ... on level 4 of the Dungeon.
             The game lasted 00:16:30 (4702 turns).

Dirtsage the Insei (Octopode Brigand)               Turns: 4702, Time: 00:16:31

Health: -1/54      AC:  3    Str: 12 (14) XL:     8   Next: 1%
Magic:  0/8        EV: 14    Int: 15 (18) God:    Cheibriados [**....]
Gold:   278        SH:  0    Dex: 17 (19) Spells: 2/7 levels left

rFire   . . .      SeeInvis .      - Unarmed
rCold   . . .      Faith    .    (no shield)
rNeg    . . .      Spirit   +    w - +2 hat
rPois   .          Reflect  .    v - amulet of guardian spirit
rElec   .          Harm     .    o - ring of willpower
rCorr   .          Rampage  .    (no ring)
Will    +....                    (no ring)
Stlth   ++++                     (no ring)
HPRegen 0.29/turn                (no ring)
MPRegen 0.11/turn                (no ring)
                                 (no ring)
                                 (no ring)

@: attractive, hasted
A: almost no armour, amphibious, 8 rings, camouflage 1, gelatinous body 1,
(nimble swimmer 1), tentacles
a: Renounce Religion, Bend Time


You were on level 4 of the Dungeon.
You worshipped Cheibriados.
Cheibriados was pleased with you.
You visited 2 branches of the dungeon, and saw 6 of its levels.
You also visited: Sewer.

You collected 278 gold pieces.

Inventory:

Hand Weapons
 u - a +1 dagger of holy wrath
Missiles
 b - 14 poisoned darts (quivered)
 c - 8 curare-tipped darts
Armour
 w - a +2 hat (worn)
Magical Staves
 g - a staff of conjuration
Jewellery
 a - an amulet of faith
 o - a ring of willpower (left tentacle)
 v - an amulet of guardian spirit (around mantle)
Scrolls
 e - 2 scrolls of fear {unknown}
 f - 2 scrolls of blinking {unknown}
 i - 4 scrolls of teleportation {unknown}
 j - a scroll of brand weapon {unknown}
 n - 3 scrolls of vulnerability {unknown}
 q - a scroll of magic mapping {unknown}
 s - 3 scrolls of amnesia {unknown}
 x - a scroll of identify {unknown}
Potions
 d - a potion of attraction
 h - a potion of haste
 k - 2 potions of brilliance
 l - a potion of resistance {unknown}
 m - 3 potions of lignification
 p - 2 potions of degeneration
 r - a potion of flight {unknown}
 t - a potion of invisibility {unknown}
 z - 2 potions of cancellation
 A - a potion of heal wounds {unknown}


   Skills:
 - Level 3.7 Fighting
 - Level 2.0 Short Blades
 - Level 2.0 Throwing
 - Level 3.3 Dodging
 - Level 5.3 Stealth
 * Level 5.9 Unarmed Combat
 * Level 3.5 Transmutations
 + Level 1.2 Invocations


You had 2 spell levels left.
You knew the following spells:

 Your Spells              Type           Power      Damage    Failure   Level
z - Blade Hands           Tmut           5%         N/A       86%         5

Your spell library contained the following spells:

 Spells                   Type           Power      Damage    Failure   Level
 Portal Projectile        Hex/Tloc       0%         N/A       63%         3
 Tukima's Dance           Hex            0%         N/A       63%         3
 Animate Dead             Necr           0%         N/A       95%         4
 Borgnjor's Vile Clutch   Necr/Erth      0%         N/A       100%        5
 Death Channel            Necr           0%         N/A       100%        6


Dungeon Overview and Level Annotations

Branches:
Dungeon (5/15)             Temple (1/1) D:4           Sewer (visited)

Altars:
Ashenzari
Cheibriados
Dithmenos
Elyvilon
Fedhas
Hepliaklqana
Kikubaaqudgha
Makhleb
Okawaru
Qazlal
Sif Muna
Trog
Uskayaw
Vehumet
Yredelemnul
The Shining One

Annotations:
D:3 2 transporters, Menkaure
D:4 Pikel


Innate Abilities, Weirdness & Mutations

You cannot wear most types of armour.
You are amphibious.
You can wear up to eight rings at the same time.
Your skin changes colour to match your surroundings (Stealth+).
Your rubbery body absorbs attacks. (AC +1, EV +1)
((You are camouflaged when in or above water. (Stealth+)))
You have tentacles for arms and can constrict up to eight enemies at once.


Message History

Pikel zaps a wand.
The puff of flame hits you!
* * * LOW HITPOINT WARNING * * *
The lemure closely misses you.
You take 7 damage, and have 8/54 hp.
You now have 2/8 mp.
It was a potion of lignification.
You turn into a tree.
Your +2 hat melds into your body.
Your roots penetrate the ground.
You lose your grip on the lemure.
Pikel hits you with a +2 whip of freezing.
* * * LOW HITPOINT WARNING * * *
Pikel freezes you.
* * * LOW HITPOINT WARNING * * *
The lemure hits you.
* * * LOW HITPOINT WARNING * * *
You now have 3/81 hp.
It was a potion of brilliance.
You feel clever all of a sudden. Pikel hits you but does no damage.
The lemure hits you but does no damage.
It was a potion of degeneration.
There was something very wrong with that liquid.
You feel weakened.
You feel dopey.
You feel clumsy. Pikel hits you but does no damage.
The lemure barely misses you.
It was a potion of cancellation.
Your magical effects are unravelling.
You feel magically purged.
You feel less wooden.
Your +2 hat unmelds from your body.
You feel a little less clever now. Pikel hits you but does no damage.
The lemure completely misses you.
You now have 3/54 hp.
It was a potion of attraction.
You feel attractive to monsters.
Pikel zaps a wand.
The puff of flame misses you.
The puff of flame hits the lemure.
The lemure hits you.
* * * LOW HITPOINT WARNING * * *
You take 1 damage, and have 2/54 hp.
You now have 1/8 mp.
It was a potion of haste.
You feel yourself speed up.
Cheibriados forgives your accidental hurry, just this once.
h - a potion of haste;
w - a +2 hat (worn)
Pikel hits you with a +2 whip of freezing.
You die...

#..# #.###..####..##.#
# #..###
#....<.......##.######
#....#
#####..########.......
#.##.#
#.................
#.##.#
#.###..###########
#.##.# #.##.....## ##
#.##.#
#.#..~~~..#######.
#.##.#
#K#..~............
#.##.#
#@#..~(~.########.
#.##.#
#5##..............
#†##.#
#......~..#######.
#.##.# ####.###### #.
#.##.# #.## #. #.##.#
#..# #. #.##.# ##.# #.
#.##.# #.# #. ##.##.#
#.# #.


You could see Pikel and a lemure.

Vanquished Creatures
  An ice beast (D:3)
  A kobold brigand (Sewer)
  A hound (D:4)
  An orc priest (D:3)
  A gnoll bouda (D:5)
  A jelly (D:4)
  Jessica (D:3)
  4 iguanas
  Natasha (thrice) (D:2)
  An orc wizard (D:3)
  4 gnolls (D:5)
  8 river rats (Sewer)
  10 adders
  4 worms
  4 dart slugs
  11 orcs
  12 ball pythons
  7 endoplasms
  9 giant cockroaches
  6 goblins
  8 hobgoblins
  4 jackals
  3 quokkas
  5 bats
  7 frilled lizards
  14 kobolds
  6 rats
137 creatures vanquished.

Vanquished Creatures (others)
  9 plants (Sewer)
9 creatures vanquished.

Grand Total: 146 creatures vanquished

Notes
Turn   | Place    | Note
-------+----------+-------------------------------------------
     0 | D:1      | Dirtsage the Octopode Brigand began the quest for the Orb.
     0 | D:1      | Reached XP level 1. HP: 14/14 MP: 1/1
     7 | D:1      | Saving game... please wait.
    73 | D:1      | Reached skill level 1 in Unarmed Combat
   114 | D:1      | Reached XP level 2. HP: 14/19 MP: 2/2
   769 | D:1      | You fall into a shaft and drop 1 floor!
   947 | D:1      | Reached XP level 3. HP: 25/25 MP: 3/3
  1251 | D:2      | Noticed Natasha
  1257 | D:2      | Killed Natasha
  1325 | D:2      | Reached XP level 4. HP: 30/30 MP: 4/4
  1866 | D:2      | Reached XP level 5. HP: 36/36 MP: 5/5
  1962 | D:2      | Noticed Natasha
  1967 | D:2      | Killed Natasha
  2023 | D:2      | Noticed Natasha
  2027 | D:2      | Killed Natasha
  2196 | D:3      | Found a shimmering blue altar of Sif Muna.
  2197 | D:3      | Noticed Jessica
  2197 | D:3      | Noticed an ice beast
  2210 | D:3      | Killed an ice beast
  2211 | D:3      | Reached XP level 6. HP: 41/42 MP: 6/6
  2218 | D:3      | Killed Jessica
  2650 | D:3      | Learned a level 5 spell: Blade Hands
  2698 | D:3      | Found a basalt altar of Yredelemnul.
  2698 | D:3      | Found an ancient bone altar of Kikubaaqudgha.
  2699 | D:3      | Noticed Menkaure
  2700 | D:3      | Found a transporter.
  2717 | D:3      | Found a transporter.
  2837 | D:3      | Reached skill level 1 in Transmutations
  3029 | D:3      | Found a shadowy altar of Dithmenos.
  3029 | D:3      | Found a hide-covered altar of Uskayaw.
  3133 | D:4      | Found a staircase to the Ecumenical Temple.
  3141 | Temple   | Entered the Ecumenical Temple
  3150 | Temple   | Became a worshipper of Cheibriados the Contemplative
  3176 | D:4      | Reached XP level 7. HP: 46/47 MP: 5/7
  3420 | D:4      | Found a hazy altar of Hepliaklqana.
  3660 | D:4      | Reached skill level 5 in Unarmed Combat
  3747 | D:5      | Entered Level 5 of the Dungeon
  3747 | D:5      | Noticed Pikel
  3806 | D:5      | Reached * piety under Cheibriados
  3975 | D:5      | Found a glowing drain.
  4009 | Sewer    | Entered a sewer
  4244 | Sewer    | Reached ** piety under Cheibriados
  4371 | Sewer    | Reached skill level 1 in Invocations
  4658 | D:5      | Reached XP level 8. HP: 33/54 MP: 4/8
  4697 | D:4      | HP: 3/81 [lemure[Pikel] (4)]
  4702 | D:4      | Slain by Pikel

Illustrated notes

Levels and vault maps discovered:
D:1:      minmay_arrival_three_doors, layout_basic
D:2:      layout_rooms, serial_co_window_serial, co_window_paths_a,
          co_window_of_opportunity_a, co_window_of_opportunity_a,
          co_window_corner_a, co_window_paths_a, co_window_cross_4,
          co_window_of_opportunity_c, co_window_of_opportunity_c,
          co_window_broadway_b, co_window_unsneaky_path_c, co_window_paths_e,
          co_window_4corner_a, glass_columns_c, glass_columns_a,
          glass_columns_a, glass_columns_a, glass_columns_a,
          minmay_misc_feat_iff, dk_vineyard_2, minmay_misc_feat_columns,
          chequers_serial_rivers_small_b, nrook_campfire, uniq_natasha
D:3:      minmay_evil_eye, layout_rooms, gammafunk_temple_of_torment,
          mainiacjoe_overflow_catwalk, amethyst_overflow_temple_binary,
          uniq_jessica
D:4:      layout_loops_ring, nzn_hepliaklqana_mist_gate,
          minmay_temple_entry_statues_fountains, chequers_serial_rivers_micro_c
D:5:      layout_cave_pools, portal_sewer_entry_b,
          hangedman_abyss_or_decor_passed, uniq_pikel
Temple:   eino_temple_lava

Skill      XL: |  1  2  3  4  5  6  7 |
---------------+----------------------+-----
Unarmed Combat | 1 2 3 4 5 |  5.9
Dodging        | 2 3 |  3.3
Fighting       | 3 |  3.7
Transmutations | 1 3 |  3.5
Invocations    | 1 |  1.2
Short Blades   | |  2.0
Throwing       | |  2.0
Stealth        | |  5.3

Action                     |  1- 3 |  4- 6 |  7- 9 || total
---------------------------+-------+-------+-------++-------
  Melee: Unarmed           |    63 |   116 |   148 ||   327
         Dagger            |     5 |       |       ||     5
         Constrict         |    15 |    34 |    37 ||    86
         Tentacles         |     9 |    32 |    42 ||    83
         Punch             |       |     7 |     8 ||    15
    Use: Potion            |       |       |     6 ||     6
   Stab: Sleeping          |     7 |    19 |    12 ||    38
 Armour: Skin              |    10 |    17 |    22 ||    49
  Dodge: Dodged            |    29 |    49 |    72 ||   150

Table legend: (Time is in decaauts)
 A = Elapsed time spent in this place.
 B = Non-inter-level travel time spent in this place.
 C = Inter-level travel time spent in this place.
 D = Time resting spent in this place.
 E = Time spent auto-exploring this place.
 F = Levels seen in this place.
 G = Mean time per level.
                   A        B        C        D        E       F      G
               +--------+--------+--------+--------+--------+-----+--------+
         Total |   5085 |   4891 |    194 |      0 |   3715 |   7 |  726.4 |
       Dungeon |   4322 |   4138 |    184 |      0 |   3164 |   5 |  864.4 |
        Temple |     21 |     11 |     10 |      0 |      0 |   1 |   21.0 |
         Sewer |    742 |    742 |      0 |      0 |    550 |   1 |  742.0 |
               +--------+--------+--------+--------+--------+-----+--------+

Top non-repeatable levels by time:
     D:2: 1107 daAuts
     D:1: 1103 daAuts
     D:4: 911 daAuts
     D:3: 831 daAuts
   Sewer: 742 daAuts
     D:5: 368 daAuts
  Temple: 21 daAuts
